 Dungeon Crawl Stone Soup version 0.29-a0-892-g2c4c91d9db (webtiles) character file.

Game seed: 11842559257892583888

22 BritishOli the Slasher (level 2, -2/23 HPs)
             Began as a Demonspawn Gladiator on July 22, 2022.
             Slain by an adder (3 damage)
             ... on level 2 of the Dungeon.
             The game lasted 00:00:27 (719 turns).

BritishOli the Slasher (Demonspawn Gladiator)        Turns: 719, Time: 00:00:27

Health: -2/23      AC:  4    Str: 14    XL:     2   Next: 68%
Magic:  2/2        EV: 12    Int:  9    God:
Gold:   40         SH:  0    Dex: 14    Spells: 1/1 levels left

rFire   . . .      SeeInvis .   a - +0 long sword
rCold   . . .      Faith    .   (no shield)
rNeg    . . .      Spirit   .   b - +0 leather armour
rPois   .          Reflect  .   c - +0 helmet
rElec   .          Harm     .   (no cloak)
rCorr   .          Rampage  .   (no gloves)
Will    .....                   (no boots)
Stlth   +.........              (no amulet)
HPRegen 0.07/turn               (no ring)
MPRegen 0.08/turn               (no ring)

@: no status effects
A: claws 1
a: no special abilities


You were on level 2 of the Dungeon.
You visited 1 branch of the dungeon, and saw 2 of its levels.

You collected 40 gold pieces.

Inventory:

Hand Weapons
 a - a +0 long sword (weapon)
Missiles
 d - 3 throwing nets (quivered)
 e - a javelin
Armour
 b - a +0 leather armour (worn)
 c - a +0 helmet (worn)
Scrolls
 f - 2 scrolls of immolation {unknown}
 g - a scroll of summoning {unknown}
Potions
 h - a potion of curing {unknown}
 i - a potion of heal wounds {unknown}


   Skills:
 + Level 2.3 Fighting
 + Level 3.0 Long Blades
 + Level 2.1 Throwing
 + Level 3.0 Dodging


You had one spell level left.
You didn't know any spells.
Your spell library was empty.

Dungeon Overview and Level Annotations

Branches:
Dungeon (2/15)

Altars:


Innate Abilities, Weirdness & Mutations

You have sharp fingernails.


Message History

Your Dodging skill increases to level 3!
There are monsters nearby!
You hit the frilled lizard but do no damage.
The frilled lizard misses you. The adder closely misses you.
There are monsters nearby!
There are monsters nearby!
You barely miss the adder. The adder bites you.
You are poisoned.
The adder poisons you!
The frilled lizard bites you but does no damage.
There are monsters nearby!
You closely miss the adder.
You feel sick. The adder bites you.
You are more poisoned.
The adder poisons you! The frilled lizard barely misses you.
The adder closely misses you. The frilled lizard bites you.
There are monsters nearby!
You hit the adder but do no damage.
You feel sick. The adder barely misses you. The frilled lizard bites you.
The adder closely misses you.
There are monsters nearby!
You are too injured to fight recklessly!
The frilled lizard attacks as you move away!
The frilled lizard bites you.
You feel sick.
You barely miss the adder.
You feel sick. The adder closely misses you. The adder barely misses you.
You closely miss the adder.
You feel sick. The adder closely misses you.
You miss the adder.
You feel sick. The adder barely misses you. The adder closely misses you.
You hit the adder.
The adder is lightly wounded.
You feel sick.
You are no longer poisoned.
The adder barely misses you. The adder bites you.
* * * LOW HITPOINT WARNING * * *
You miss the adder.
The adder is lightly wounded.
The adder bites you but does no damage.
You miss the adder. You claw the adder.
The adder is severely wounded.
The adder bites you.
You die...

..........#
...#.#....#
..........#
#.#.......####
.............#
##..#...####
#..#.### #.
#...# # ###@#
#S#
......†l†..#
###.#.#.####
#.#.# . ..# ##
###


You could see an adder and a frilled lizard.

Vanquished Creatures
  A dart slug (D:1)
  2 bats (D:1)
  An endoplasm (D:1)
  A giant cockroach (D:1)
  2 goblins (D:1)
  A hobgoblin (D:1)
  2 jackals (D:2)
  A quokka (D:1)
  A ball python (D:1)
  3 frilled lizards (D:1)
  4 rats
19 creatures vanquished.

Notes
Turn   | Place    | Note
-------+----------+-------------------------------------------
     0 | D:1      | BritishOli the Demonspawn Gladiator began the quest for the
                  | Orb.
     0 | D:1      | Reached XP level 1. HP: 16/16 MP: 1/1
   279 | D:1      | Gained mutation: You have sharp fingernails. [demonic
                  | ancestry]
   279 | D:1      | Reached XP level 2. HP: 22/22 MP: 2/2
   649 | D:1      | Found a faded altar of an unknown god.
   717 | D:2      | HP: 1/23 [adder (3)]
   719 | D:2      | Slain by an adder

Illustrated notes

Levels and vault maps discovered:
D:1:      dpeg_arrival_three_same_balls, layout_rooms,
          dreamdust_ecumenical_altar_hidden_monk_grotto
D:2:      layout_basic, nicolae_kite_square_tiling_tiny, minmay_surrounded

Skill      XL: |  1  2 |
---------------+-------+-----
Throwing       | 2 |  2.1
Long Blades    | 3 |  3.0
Dodging        | 3 |  3.0
Fighting       | |  2.3

Action                   || total
-------------------------++-------
Melee: Long sword        ||    65
       Punch             ||     1
Armor: Leather armour    ||    22
Dodge: Dodged            ||    55

Table legend: (Time is in decaauts)
 A = Elapsed time spent in this place.
 B = Non-inter-level travel time spent in this place.
 C = Inter-level travel time spent in this place.
 D = Time resting spent in this place.
 E = Time spent auto-exploring this place.
 F = Levels seen in this place.
 G = Mean time per level.
                   A        B        C        D        E       F      G
               +--------+--------+--------+--------+--------+-----+--------+
         Total |    735 |    702 |     33 |      0 |    560 |   2 |  367.5 |
       Dungeon |    735 |    702 |     33 |      0 |    560 |   2 |  367.5 |
               +--------+--------+--------+--------+--------+-----+--------+

Top non-repeatable levels by time:
     D:1: 696 daAuts
     D:2: 38 daAuts
